cohdb
Replays
Latest Replays
All Replays
Popular Replays
Top Player Replays
Match Explorer
How It Works
Community
CoH3 Stats
Reddit
Sign in to upload your games and track your stats! →
Sign in with Steam
Match 46561594
Unlisted
Match 46561594
Overview
Messages
Build Orders
End
Selects Luftwaffe Battlegroup
Selects Luftwaffe Pioneer Support
Fallschirmpioneer Squad Paradrop
Construct Infanterie Kompanie
Grenadier Squad
Grenadier Squad
MG 42 Machine Gun Team
Medical Station
Selects Stuka Strafing Run
Construct Panzergrenadier Kompanie
Selects Fallschirmjäger Squad Paradrop
Fallschirmjäger Squad Paradrop
Panzergrenadier Officer Quarters
Pak 40 Anti-tank Gun Team
Support Elements
Fallschirmjäger Squad Paradrop
Selects Stuka Loiter
StuG III G Assault Gun
MG 42 Machine Gun Team
Selects LG40 Recoilless Gun Paradrop
rocketpossum
tangojuliett
0
0
Comments
sign in to comment!
No comments posted yet!